 Dungeon Crawl Stone Soup version 0.28-a0-819-g6ef7baa362 (webtiles) character file.

Game seed: 61541082893976276

11 spiderkeys the Ducker (level 2, -10/18 HPs)
             Began as a Deep Elf Abyssal Knight on Nov 9, 2021.
             Was an Initiate of Lugonu.
             Killed by nerve-wracking pain
             ... invoked by Grinder
              (14 damage)
             ... on level 3 of the Dungeon.
             The game lasted 00:02:09 (496 turns).

spiderkeys the Ducker (Deep Elf Abyssal Knight)      Turns: 496, Time: 00:02:09

Health: -10/18     AC:  7    Str: 10    XL:     2   Next: 13%
Magic:  5/5        EV: 11    Int: 14    God:    Lugonu [......]
Gold:   0          SH:  3    Dex: 15    Spells: 1/1 levels left

rFire   . . .      SeeInvis +   e - +0 quick blade {rare}
rCold   . . .      Faith    .   d - +0 buckler
rNeg    . . .      Spirit   .   b - +0 leather armour
rPois   .          Reflect  .   i - +2 helmet
rElec   .          Harm     .   c - +0 cloak
rCorr   .          Rampage  .   (no gloves)
Will    .....                   (no boots)
Stlth   +.........              (no amulet)
HPRegen 0.06/turn               v - ring of see invisible
MPRegen 0.09/turn               (no ring)

@: no status effects
A: no striking features
a: Renounce Religion


You were on level 3 of the Dungeon.
You worshipped Lugonu.
Lugonu was noncommittal.
You visited 1 branch of the dungeon, and saw 3 of its levels.
You visited the Abyss 1 time.


   Skills:
 - Level 2.4 Fighting
 + Level 2.1 Short Blades
 - Level 0.7 Armour
 + Level 2.6 Dodging
 + Level 0.7 Stealth
 + Level 0.3 Shields
 + Level 2.2 Invocations


You had one spell level left.
You didn't know any spells.
Your spell library was empty.

Inventory:

Hand Weapons
 a - a +1 short sword
 e - a +0 quick blade (weapon) {rare}
   (You found it on level 2 of the Abyss)
Missiles
 f - 13 arrows
 j - a stone
Armour
 b - a +0 leather armour (worn)
 c - a +0 cloak (worn)
   (You found it on level 1 of the Abyss)
 d - a +0 buckler (worn)
   (You found it on level 1 of the Abyss)
 i - a +2 helmet (worn)
   (You found it on level 1 of the Dungeon)
Jewellery
 v - a ring of see invisible (left hand)
   (You found it on level 1 of the Dungeon)
Potions
 h - a potion of flight

Dungeon Overview and Level Annotations

Branches:
Dungeon (2/15)

Altars:

Annotations:
D:3 Grinder

#. #. ##.#
#..# #..#
#..# #
#..#####.###
#...........
#...@....##
#.5####..#
#..# ....
#..# .. #..#
#.... ##.###
#.# #.#


You could see Grinder.


Message History

The hobgoblin hits you but does no damage.
You barely miss the hobgoblin. The hobgoblin hits you. 😕 HP[-2]
You take 2 damage, and now have 16/18 hp.
You hit the hobgoblin. The hobgoblin barely misses you.
You hit the hobgoblin.
You kill the hobgoblin!
Lugonu accepts your kill.
No target in view!
No target in view!
Okay, then.
Key pressed, stopping explore.
You fall into a shaft and drop 1 floor!
The shaft crumbles and collapses. 😎 HP[+2]
Your hp is fully restored (18).
A kobold comes into view. It is wielding a +0 dagger.
The kobold shouts!
An endoplasm comes into view.
Found a whip.
Found a stone staircase leading down.
The kobold hits you with a +0 dagger. 😕 HP[-1]
You take 1 damage, and now have 17/18 hp.
You closely miss the kobold. You hit the kobold.
The kobold hits you but does no damage.
A rat comes into view.
You closely miss the kobold. The kobold hits you but does no damage.
The endoplasm misses you.
You hit the kobold.
You kill the kobold!
Lugonu accepts your kill. The endoplasm freezes you.
You are frozen.
Things that are here:
a +0 dagger; a kobold corpse You hit the endoplasm.
The endoplasm freezes you.
You are frozen. 😮 HP[-7]
You take 7 damage, and now have 10/18 hp.
MASSIVE DAMAGE!! (PAUSE) 😮 HP[+1] 😮 HP[+1]
Found 2 green potions.
Found a stone staircase leading up.
You fall into a shaft and drop 1 floor!
The shaft crumbles and collapses.
Grinder comes into view.
Grinder shouts!
Grinder gestures at you.
You suddenly lose the ability to move!
You can move again.
Hit: e) +0 quick blade {rare}
Press: ? - help, Dir - move target, f - you
Okay, then.
Okay, then.
Okay, then.
As you read the scroll of identify {@r1}, it crumbles to dust.
h - a potion of flight Grinder gestures at you.
You shrug off the repeated paralysis!
You aren't carrying any scrolls.
Unknown command.
You aren't carrying any scrolls.
Okay, then.
You block Grinder's attack.
You hit Grinder. You closely miss Grinder. Grinder hits you but does no damage.
You hit Grinder. You hit Grinder but do no damage. Grinder gestures at you.
You barely resist. You hit Grinder.
Grinder blinks!
You hit Grinder but do no damage. You hit Grinder but do no damage.
Grinder hits you. 😮 HP[-2]
You take 2 damage, and now have 10/18 hp.
You hit Grinder but do no damage.
Grinder blinks!
Grinder closely misses you.
You completely miss Grinder. You hit Grinder. Grinder hits you.
* * * LOW HITPOINT WARNING * * *
You writhe in agony.
* * * LOW HITPOINT WARNING * * *
😨 HP[-2]
You take 2 damage, and now have 8/18 hp.
You closely miss Grinder. Grinder hits you but does no damage.
You hit Grinder. You hit Grinder but do no damage. Grinder hits you.
* * * LOW HITPOINT WARNING * * *
You writhe in agony.
* * * LOW HITPOINT WARNING * * *
😱 HP[-4]
You take 4 damage, and now have 4/18 hp.
MASSIVE DAMAGE!! (PAUSE)
You barely miss Grinder. Grinder hits you but does no damage.
You closely miss Grinder. Grinder gestures at you.
Pain shoots through your body!
Ouch! That really hurt!
You die...

Action                   || total
-------------------------++-------
Melee: Quick blade       ||    78
Invok: Depart the Abyss  ||     1
  Use: Scroll            ||     2
Armor: Leather armour    ||    17
Dodge: Dodged            ||    26
Block: Buckler           ||     6

Levels and vault maps discovered:
D:1:      scummos_arrival_gate, layout_basic, serial_shops,
          nicolae_shop_behind_doors, minmay_crystal_room
D:2:      cheibrodos_fertilizer, layout_basic, serial_shops, shop_statue,
          ebering_ecumenical_altar_sacrificial, st_stairs_10, minmay_3d_cube,
          uniq_jessica, uniq_robin
D:3:      layout_loops_ring, chequers_mini_garden, st_stairs_2,
          chequers_serial_rivers_large_a, uniq_grinder

Notes
Turn   | Place    | Note
-------+----------+-------------------------------------------
     0 | Abyss:1  | spiderkeys the Deep Elf Abyssal Knight began the quest for
                  | the Orb.
     0 | Abyss:1  | Reached XP level 1. HP: 13/13 MP: 4/4
     0 | Abyss:1  | magus.rc [v1.9.10]
    49 | Abyss:2  | e - a +0 quick blade {rare}
    63 | Abyss:2  | Noticed a thrashing horror
    64 | D:1      | You pass through the gate.
    64 | D:1      | Escaped the Abyss
    65 | D:1      | e - a +0 quick blade (weapon) {rare}
   343 | D:1      | Reached XP level 2. HP: 16/18 MP: 5/5
   432 | D:1      | You fall into a shaft and drop 1 floor!
   473 | D:2      | You fall into a shaft and drop 1 floor!
   475 | D:3      | Noticed Grinder
   475 | D:3      | Paralysed by Grinder for 2 turns
   477 | D:3      | Hit: e) +0 quick blade {rare}
   477 | D:3      | Hit: e) +0 quick blade {rare}
   493 | D:3      | HP: 4/18 [Grinder (3)]
   496 | D:3      | Killed from afar by Grinder

Vanquished Creatures
  A bat (D:1)
  A giant cockroach (D:1)
  A hobgoblin (D:1)
  A frilled lizard (D:1)
  2 goblins (D:1)
  3 kobolds
  A rat (D:1)
10 creatures vanquished.

Table legend:
 A = Non-vault XP
 B = Vault XP
 C = Vault XP percentage of total XP
 D = Non-vault monster count
 E = Vault monster count
 F = Vault count percentage of total count
                 A         B        C        D         E       F
            +---------+---------+-------+---------+---------+-------
      Total |      14 |       2 |  12.5 |       9 |       1 |  10.0
            +---------+---------+-------+---------+---------+-------
        D:1 |      14 |       0 |   0.0 |       9 |       0 |   0.0
        D:2 |       0 |       2 | 100.0 |       0 |       1 | 100.0
            +---------+---------+-------+---------+---------+-------

Illustrated notes

Table legend:
 A = Kills in this place as a percentage of kills in entire the game.
 B = Kills by you in this place as a percentage of kills by you in the entire game.
 C = Kills by friends in this place as a percentage of kills by friends in the entire game.
 D = Other kills in this place as a percentage of other kills in the entire game.
 E = Experience gained in this place as a percentage of experience gained in the entire game.
 F = Experience gained in this place divided by the number of levels of this place that you have seen.
                   A       B       C       D       E      F
               +-------+-------+-------+-------+-------+----------------------
         Total | 100.0 | 100.0 |   N/A |   N/A | 100.0 |   3.2
       Dungeon | 100.0 | 100.0 |   N/A |   N/A | 100.0 |   5.3
               +-------+-------+-------+-------+-------+----------------------

Table legend: (Time is in decaauts)
 A = Elapsed time spent in this place.
 B = Non-inter-level travel time spent in this place.
 C = Inter-level travel time spent in this place.
 D = Time resting spent in this place.
 E = Time spent auto-exploring this place.
 F = Levels seen in this place.
 G = Mean time per level.
                   A        B        C        D        E       F      G
               +--------+--------+--------+--------+--------+-----+--------+
         Total |    468 |    468 |      0 |      0 |    263 |   5 |   93.6 |
       Dungeon |    404 |    404 |      0 |      0 |    250 |   3 |  134.7 |
         Abyss |     63 |     63 |      0 |      0 |     13 |   2 |   31.5 |
               +--------+--------+--------+--------+--------+-----+--------+

Top non-repeatable levels by time:
     D:1: 347 daAuts
     D:2: 39 daAuts
 Abyss:1: 36 daAuts
 Abyss:2: 27 daAuts
     D:3: 17 daAuts
